 Dungeon Crawl Stone Soup version 0.18.1-50-g88ac8fd (webtiles) character file.

110354 RTS the Severer (level 16, -16/149 HPs)
             Began as a Minotaur Berserker on Sept 29, 2016.
             Was a High Priest of Trog.
             Shot with an arrow by a satyr (27 damage)
             ... on level 4 of the Shoals.
             The game lasted 01:34:51 (29692 turns).

RTS the Severer (Minotaur Berserker)               Turns: 29692, Time: 01:34:53

Health: -16/149    AC: 28    Str: 29    XL:     16   Next: 7%
Magic:  15/15      EV: 18    Int: 19    God:    Trog [*****.]
Gold:   1282       SH:  0    Dex: 16    Spells: 0 memorised, 15 levels left

rFire  + . .     SeeInvis +     V - +8 executioner's axe (chop)
rCold  + . .     Gourm    .     h - +7 chain mail "Ulizxyel" {-Tele rN+ Str+3 Int+9}
rNeg   + . .     Faith    .     (shield currently unavailable)
rPois  +         Spirit   .     (helmet restricted)
rElec  +         Dismiss  .     O - +2 cloak {rPois}
rCorr  +         Reflect  .     P - +0 pair of gloves
SustAt .         Harm     .     S - +1 pair of boots of the Good {*Drain Int+7}
MR     +++..     NoTele   +     K - amulet of magic regeneration
Stlth  ..........               J - ring "Nuna" {Str+4 Int-2 Slay+3 SInv Stlth-}
                                I - ring of flight

@: lethally poisoned (-16 -> -17), exhausted, resistant, afraid, manticore
barbs, regenerating, glowing, extremely resistant to hostile enchantments,
extremely unstealthy
A: retaliatory headbutt, horns 2
a: Berserk, Trog's Hand, Brothers in Arms, Burn Spellbooks, Renounce Religion,
Evoke Flight


You were on level 4 of the Shoals.
You worshipped Trog.
Trog was extremely pleased with you.
You were hungry.

You visited 5 branches of the dungeon, and saw 26 of its levels.
You also visited: Ice Cave and Volcano.

You collected 2950 gold pieces.
You spent 1668 gold pieces at shops.

Inventory:

Hand Weapons
 V - a +8 executioner's axe of chopping (weapon)
Armour
 h - the +7 chain mail "Ulizxyel" (worn) {-Tele rN+ Str+3 Int+9}
   (You bought it in a shop on level 2 of the Orcish Mines)

   It affects your strength (+3).
   It affects your intelligence (+9).
   It protects you from negative energy.
   It prevents most forms of teleportation.
 O - a +2 cloak of poison resistance (worn)
 P - a +0 pair of gloves (worn)
 S - the +1 pair of boots of the Good (worn) {*Drain Int+7}
   (You found it on level 11 of the Dungeon)

   It affects your intelligence (+7).
   It causes draining when unequipped.
Jewellery
 b - an uncursed ring of sustain attributes
 f - an uncursed ring of protection from cold
 j - a +5 ring of protection
 E - a +4 ring of slaying
 F - an uncursed ring of fire
 I - a ring of flight (left hand)
 J - the ring "Nuna" (right hand) {Str+4 Int-2 Slay+3 SInv Stlth-}
   (You found it on level 4 of the Lair of Beasts)

   [ring of loudness]

   It affects your strength (+4).
   It affects your intelligence (-2).
   It affects your accuracy and damage with ranged weapons and melee attacks
   (+3).
   It lets you see invisible.
   It makes you less stealthy.
 K - an amulet of magic regeneration (around neck)
 T - an uncursed ring of resist corrosion
Wands
 o - a wand of paralysis (6/24)
 r - a wand of hasting (4/9)
 t - a wand of confusion (31/48)
 w - a wand of flame (0/48)
 H - a wand of paralysis (13/24)
 N - a wand of lightning (7/15)
 W - a wand of lightning (6/15)
Scrolls
 a - 3 scrolls of fog
 d - 8 scrolls of teleportation
 l - a scroll of silence {unknown}
 m - 10 scrolls of remove curse
 u - 2 scrolls of recharging {unknown}
 v - 2 scrolls of enchant armour
 y - a scroll of summoning {unknown}
 C - 5 scrolls of fear
 D - a scroll of blinking {unknown}
 L - a scroll of immolation {unknown}
 M - a scroll of brand weapon {unknown}
 Q - a scroll of identify
 X - a scroll of magic mapping {unknown}
Potions
 e - a potion of ambrosia
 g - 7 potions of agility
 i - 2 potions of haste
 n - 4 potions of flight
 p - 7 potions of curing
 q - 3 potions of brilliance
 x - 4 potions of might
 B - 3 potions of invisibility
 U - 2 potions of heal wounds
 Z - a potion of cancellation
Books
 Y - a book of Death

   Spells                             Type                      Level
   a - Corpse Rot                     Necromancy                   2
   b - Sublimation of Blood           Necromancy                   2
   c - Agony                          Necromancy                   5
   d - Dispel Undead                  Necromancy                   5
   e - Excruciating Wounds            Charms/Necromancy            5
   f - Bolt of Draining               Conjuration/Necromancy       5
   Trog disapproves of the use of such an item.
Comestibles
 c - 11 bread rations
 k - 20 fruits
 s - 20 royal jellies
 z - 2 beef jerkies
 A - 11 meat rations
 G - 5 chunks of flesh


   Skills:
 + Level 15.3 Fighting
 * Level 20.6 Axes
 + Level 15.3 Armour
 + Level 14.0 Dodging


You had 15 spell levels left.
You didn't know any spells.

Dungeon Overview and Level Annotations

Branches:
Dungeon (11/15)            Temple (0/1) D:6            Lair (8/8) D:9
 Shoals (4/4) Lair:5        Snake (0/4) Lair:4        Slime (0/6) Lair:8
    Orc (2/2) D:11            Elf (1/3) Orc:2

Altars:
Fedhas
Gozag
Makhleb
Pakellas
Qazlal
Ru
Sif Muna
Vehumet
Xom
Yredelemnul
Beogh

Shops:
D:5 [   D:11 (   Orc:2 [*=%   Shoals:2 (


Innate Abilities, Weirdness & Mutations

You reflexively headbutt those who attack you in melee.
You have a pair of horns on your head.


Message History

The faun hits you with an uncursed spear!
* * * LOW HITPOINT WARNING * * *
The satyr plays a rousing melody on his pipes!
The satyr's allies are stirred to greatness!
The merfolk throws a tomahawk.
The tomahawk hits you.
* * * LOW HITPOINT WARNING * * *
You closely miss the satyr.
The satyr is lightly wounded.
You closely miss the faun.
The faun is lightly wounded.
You slice the manticore!!
The manticore is heavily wounded.
The merfolk impaler hits you but does no damage.
The merfolk javelineer closely misses you.
The manticore misses you. The manticore barely misses you.
The manticore claws you but does no damage.
The faun hits you with an uncursed spear!
* * * LOW HITPOINT WARNING * * *
The satyr shoots an arrow.
The arrow hits you!!
You die...

.P.≈P≈≈≈≈# ...≈≈P≈P≈#
... .P≈≈≈.≈P≈# ....
.P≈.....≈# #....
....)...≈## #.....
.....((.≈P## #..≈...
.......P.P≈######mmm≈≈..
.......P.PP.(P.())≈≈≈≈..
....(....≈......@H≈≈≈≈≈≈
....(.P.P.....)c(c≈≈≈≈≈≈
....(..P.(.(.()().≈≈≈≈≈≈
....)........†..).≈≈≈≈≈≈
....PP............≈≈≈≈≈≈
....)######.......≈≈≈≈≈≈
.)..#....≈##....(.≈≈≈≈≈≈
.P.#.#....≈##.....≈≈≈≈≈≈
.P#.#..≈#..≈#.....≈≈≈≈≈≈


You could see a merfolk impaler, a merfolk javelineer, a satyr, a merfolk, a
faun and a manticore.

Vanquished Creatures
  Saint Roka (Orc:2)
  Jorgrun (Shoals:3)
  Rupert (Lair:7)
  Kirke (Lair:6)
  An orc warlord (Orc:1)
  Louise (Shoals:3)
  A stone giant (Orc:2)
  The ghost of baghtru the Cleaver, a journeyman HOFi of Makhleb (Lair:3)
  2 merfolk javelineers (Shoals:4)
  4 merfolk impalers (Shoals:4)
  Snorg (Orc:2)
  3 hydras
  An ice dragon (IceCv)
  3 merfolk avatars
  2 satyrs
  4 orc high priests (Orc:2)
  A fire crab (Lair:8)
  8 sea snakes
  Pikel (D:7)
  2 hill giants
  3 orc knights (Orc:2)
  3 harpies
  5 orc sorcerers (Orc:2)
  4 griffons
  5 fauns
  A centaur zombie (D:11)
  2 cyclopes
  7 manticores
  7 sirens
  25 elephants
  5 black mambas
  Joseph (D:7)
  2 molten gargoyles (Volcano)
  5 water nymphs
  27 spiny frogs
  A gargoyle (D:10)
  4 rime drakes
  8 komodo dragons
  7 trolls
  2 polar bears
  6 merfolk
  3 wind drakes
  A queen bee (Lair:4)
  2 giant leeches (Lair:8)
  5 snapping turtles
  4 two-headed ogres (Orc:2)
  18 blink frogs
  2 boulder beetles
  4 water elementals
  5 fire bats (Volcano)
  2 wyverns
  19 yaks
  4 hogs (Lair:6)
  A basilisk (Lair:7)
  A vampire mosquito (Lair:8)
  7 hippogriffs
  A hungry ghost (D:11)
  5 wargs
  4 mottled dragons (Volcano)
  18 water moccasins
  13 porcupines
  43 orc warriors
  4 ice beasts (IceCv)
  3 sky beasts
  2 black bears
  A phantom (D:4)
  22 wolves
  18 ogres
  17 crocodiles
  8 centaurs
  2 big kobolds (D:8)
  35 giant frogs
  A gnoll sergeant (D:8)
  A wyvern zombie (D:11)
  11 killer bees (Lair:4)
  7 howler monkeys
  5 electric eels
  4 crimson imps
  A lava snake (Volcano)
  A quasit (D:10)
  5 hounds
  17 orc wizards
  5 jellies
  24 orc priests
  6 gnoll shamans
  A centaur skeleton (D:4)
  4 giant frog skeletons
  16 iguanas
  8 worker ants
  22 sheep
  A hound zombie (D:7)
  A hound skeleton (D:7)
  2 howler monkey zombies
  A howler monkey skeleton (D:5)
  14 adders
  13 gnolls
  30 river rats
  5 oozes (D:10)
  3 adder zombies
  2 adder skeletons
  3 worms
  3 dart slugs
  4 giant geckos
  89 orcs
  2 giant cockroaches
  3 goblins
  7 hobgoblins
  9 jackals
  5 quokkas
  3 ball pythons
  7 bats
  3 giant newts
  7 kobolds
  3 rats
  3 fungi
  8 plants
814 creatures vanquished.

Vanquished Creatures (collateral kills)
  2 hydras
  An ice dragon (IceCv)
  2 oklob plants (Lair:8)
  2 ice statues (IceCv)
  2 blink frogs (Lair:8)
  4 yaks (Lair:6)
  3 vampire mosquitoes (Lair:8)
  11 ice beasts (IceCv)
  4 giant frogs (Lair:8)
  2 electric eels (Lair:8)
33 creatures vanquished.

Vanquished Creatures (others)
  A slave (D:10)
  A centaur (D:7)
  A shadow imp (D:7)
  2 bushes (Lair:8)
  27 fungi
  25 plants
57 creatures vanquished.

Grand Total: 904 creatures vanquished

Notes
Turn   | Place    | Note
--------------------------------------------------------------
     0 | D:1      | RTS the Minotaur Berserker began the quest for the Orb.
     0 | D:1      | Reached XP level 1. HP: 19/19 MP: 0/0
   293 | D:1      | Reached XP level 2. HP: 19/27 MP: 1/1
   537 | D:1      | Reached skill level 4 in Axes
   732 | D:2      | Reached ** piety under Trog
   912 | D:2      | Reached XP level 3. HP: 33/33 MP: 2/2
  1669 | D:2      | Reached XP level 4. HP: 27/40 MP: 3/3
  2237 | D:3      | Reached skill level 5 in Axes
  2519 | D:3      | Found a deep blue altar of Sif Muna.
  2654 | D:3      | Found a blossoming altar of Fedhas.
  3312 | D:4      | Reached XP level 5. HP: 39/47 MP: 4/4
  3527 | D:4      | Noticed a phantom
  3533 | D:4      | Killed a phantom
  3533 | D:4      | Reached skill level 6 in Axes
  3533 | D:4      | Reached XP level 6. HP: 55/55 MP: 5/5
  3680 | D:4      | Reached *** piety under Trog
  3785 | D:5      | Entered Level 5 of the Dungeon
  3860 | D:5      | Found a radiant altar of Vehumet.
  3879 | D:5      | Reached skill level 5 in Fighting
  3903 | D:5      | Found an opulent altar of Gozag.
  3945 | D:5      | Found a burning altar of Makhleb.
  4119 | D:5      | Reached skill level 7 in Axes
  4119 | D:5      | Reached XP level 7. HP: 50/61 MP: 6/6
  4176 | D:5      | Found Bashriat's Armour Boutique.
  4289 | D:6      | Found a basalt altar of Yredelemnul.
  4482 | D:6      | Reached skill level 5 in Armour
  4578 | D:6      | Found a staircase to the Ecumenical Temple.
  4783 | D:6      | Reached skill level 8 in Axes
  4965 | D:6      | Reached XP level 8. HP: 68/70 MP: 7/7
  5287 | D:6      | Found a stormy altar of Qazlal.
  5387 | D:7      | Noticed Joseph
  5398 | D:7      | Killed Joseph
  5398 | D:7      | Reached skill level 9 in Axes
  5398 | D:7      | Reached skill level 5 in Dodging
  5736 | D:7      | Found a sacrificial altar of Ru.
  6060 | D:7      | Noticed Pikel
  6067 | D:7      | Killed Pikel
  6067 | D:7      | Reached XP level 9. HP: 79/79 MP: 8/8
  6068 | D:7      | Reached skill level 10 in Axes
  6491 | D:7      | Found an oddly glowing altar of Pakellas.
  6628 | D:8      | Reached **** piety under Trog
  7471 | D:8      | Reached skill level 11 in Axes
  7900 | D:8      | Reached XP level 10. HP: 83/90 MP: 9/9
  8116 | D:9      | Reached skill level 12 in Axes
  8205 | D:9      | Found a shimmering altar of Xom.
  8354 | D:9      | Found a staircase to the Lair.
  8502 | D:9      | Received a gift from Trog
  9053 | D:9      | Noticed a hill giant
  9059 | D:9      | Killed a hill giant
  9194 | D:10     | Entered Level 10 of the Dungeon
  9194 | D:10     | Noticed a hill giant
  9199 | D:10     | Killed a hill giant
  9334 | D:10     | Identified A Primer on Hermeneutics
  9469 | D:10     | Reached skill level 13 in Axes
  9769 | D:10     | Noticed a gargoyle
  9851 | Lair:1   | Entered Level 1 of the Lair of Beasts
  9888 | Lair:1   | Reached ***** piety under Trog
 10081 | Lair:1   | Reached XP level 11. HP: 54/99 MP: 10/10
 10367 | Lair:1   | Found a frozen archway.
 10376 | IceCv    | Entered an ice cave
 10400 | IceCv    | Reached skill level 10 in Fighting
 10803 | IceCv    | Noticed an ice dragon
 10803 | IceCv    | Noticed an ice dragon
 10815 | IceCv    | Killed an ice dragon
 10815 | IceCv    | Reached skill level 10 in Armour
 10816 | IceCv    | Killed an ice dragon
 10816 | IceCv    | Reached skill level 14 in Axes
 11872 | Lair:2   | Found a labyrinth entrance.
 12241 | Lair:2   | Noticed a six-headed hydra
 12252 | Lair:2   | Killed a six-headed hydra
 12312 | Lair:2   | Reached XP level 12. HP: 40/110 MP: 11/11
 12983 | Lair:2   | Reached skill level 15 in Axes
 13479 | Lair:3   | Reached skill level 10 in Dodging
 13941 | Lair:3   | Noticed baghtru's ghost (journeyman HOFi)
 13958 | Lair:3   | Killed baghtru's ghost
 14229 | Lair:4   | Noticed a seven-headed hydra
 14240 | Lair:4   | Killed a 13-headed hydra
 14481 | Lair:4   | HP: 3/111 [boulder beetle (8)]
 14976 | Lair:4   | Got a twitching lead ring
 15132 | Lair:4   | Reached skill level 16 in Axes
 16184 | Lair:4   | Found a staircase to the Snake Pit.
 16572 | Lair:5   | Found a staircase to the Shoals.
 16760 | Lair:5   | Reached XP level 13. HP: 110/118 MP: 12/12
 17277 | Lair:5   | Reached skill level 17 in Axes
 17742 | Lair:6   | Noticed Kirke
 17757 | Lair:6   | Killed Kirke
 18410 | Lair:6   | Identified the ring "Nuna" {Str+4 Int-2 Slay+3 SInv Stlth-} (You found it on level 4 of the Lair of Beasts)
 18972 | Lair:7   | Noticed Rupert
 18988 | Lair:7   | Killed Rupert
 18988 | Lair:7   | Received a gift from Trog
 19429 | Lair:7   | Reached XP level 14. HP: 121/129 MP: 13/13
 20045 | Lair:8   | Entered Level 8 of the Lair of Beasts
 20070 | Lair:8   | Reached skill level 18 in Axes
 20474 | Lair:8   | Received a gift from Trog
 20696 | Lair:8   | Found a dark tunnel.
 20706 | Volcano  | Entered a volcano
 20937 | Volcano  | Found a burning altar of Makhleb.
 21533 | Lair:8   | Found a staircase to the Slime Pits.
 22569 | D:11     | Got a pair of smoking boots
 22575 | D:11     | Identified the +1 pair of boots of the Good {*Drain Int+7} (You found it on level 11 of the Dungeon)
 22588 | D:11     | Found a staircase to the Orcish Mines.
 22598 | D:11     | Found Tifauto's Weapon Shoppe.
 22653 | Orc:1    | Entered Level 1 of the Orcish Mines
 22653 | Orc:1    | Noticed an orc warlord
 22668 | Orc:1    | Killed an orc warlord
 22880 | Orc:1    | Found a roughly hewn altar of Beogh.
 23146 | Orc:2    | Entered Level 2 of the Orcish Mines
 23446 | Orc:2    | Received a gift from Trog
 23492 | Orc:2    | Reached skill level 19 in Axes
 23833 | Orc:2    | Found a roughly hewn altar of Beogh.
 24043 | Orc:2    | Found Koijoe's Armour Emporium.
 24055 | Orc:2    | Bought the +7 chain mail "Ulizxyel" {-Tele rN+ Str+3 Int+9} for 984 gold pieces
 24074 | Orc:2    | Found Daophih's General Store.
 24086 | Orc:2    | Bought a +5 ring of protection for 660 gold pieces
 24086 | Orc:2    | Bought a scroll of identify for 24 gold pieces
 24169 | Orc:2    | Noticed a stone giant
 24175 | Orc:2    | Killed a stone giant
 24402 | Orc:2    | Noticed Snorg
 24408 | Orc:2    | Killed Snorg
 24795 | Orc:2    | Found a staircase to the Elven Halls.
 24850 | Orc:2    | Paralysed by an orc sorcerer for 6 turns
 25199 | Orc:2    | Noticed Saint Roka
 25229 | Orc:2    | Received a gift from Trog
 25229 | Orc:2    | Reached XP level 15. HP: 139/139 MP: 14/14
 25437 | Orc:2    | Found a roughly hewn altar of Beogh.
 25451 | Orc:2    | Killed Saint Roka
 25998 | Orc:2    | Found Oxtet's Jewellery Shop.
 26081 | Orc:2    | Found Ucono's Food Boutique.
 26417 | Elf:1    | Entered Level 1 of the Elven Halls
 26671 | Shoals:1 | Entered Level 1 of the Shoals
 27758 | Shoals:2 | Found Vegeogu's Antique Weapon Boutique.
 27946 | Shoals:2 | Noticed a kraken
 28578 | Shoals:3 | Received a gift from Trog
 28578 | Shoals:3 | Reached skill level 20 in Axes
 28583 | Shoals:3 | Noticed Louise
 28643 | Shoals:3 | Killed Louise
 28643 | Shoals:3 | Reached skill level 15 in Fighting
 28801 | Shoals:3 | Noticed Jorgrun
 28824 | Shoals:3 | Killed Jorgrun
 29203 | Shoals:4 | Entered Level 4 of the Shoals
 29212 | Shoals:4 | Reached skill level 15 in Armour
 29669 | Shoals:4 | Reached XP level 16. HP: 149/149 MP: 15/15
 29692 | Shoals:4 | Shot with an arrow by a satyr

Skill      XL: |  1  2  3  4  5  6  7  8  9 10 11 12 13 14 15 16 |
---------------+-------------------------------------------------+-----
Axes           | 4 5 6 7 8 9 11 13 14 16 17 19 20 | 20.6
Fighting       | 4 5 6 7 8 9 11 12 13 14 15 | 15.3
Armour         | 3 4 5 6 8 9 10 11 13 14 15 | 15.3
Dodging        | 3 4 5 7 8 9 10 12 13 14 | 14.0

Action                   |  1- 3 |  4- 6 |  7- 9 | 10-12 | 13-15 | 16-18 || total
-------------------------+-------+-------+-------+-------+-------+-------++-------
Melee: Hand axe          |    69 |    32 |       |       |       |       ||   101
       Headbutt          |    13 |    19 |    52 |   150 |   228 |     3 ||   465
       War axe           |       |    52 |   262 |   642 |   243 |       ||  1199
       Executioner's axe |       |       |       |       |   631 |    12 ||   643
Invok: Berserk           |     1 |     2 |     5 |    18 |    30 |       ||    56
       Trog's Hand       |       |       |     1 |    11 |    21 |     1 ||    34
       Burn Spellbooks   |       |       |       |     3 |       |       ||     3
       Brothers in Arms  |       |       |       |     8 |    12 |       ||    20
 Abil: Evoke Flight      |       |       |       |     2 |    10 |       ||    12
  Use: Scroll            |       |       |     8 |     5 |    18 |       ||    31
       Potion            |       |       |       |       |       |     4 ||     4
 Stab: Sleeping          |     1 |     2 |       |       |       |       ||     3
       Distracted        |       |       |       |       |     2 |       ||     2
  Eat: Chunk             |     3 |     8 |    17 |    60 |    60 |     1 ||   149
       Royal jelly       |       |     1 |       |       |       |       ||     1
       Pizza             |       |       |       |       |     3 |       ||     3
       Beef jerky        |       |       |       |       |     3 |       ||     3
Armor: Animal skin       |     9 |     3 |       |       |       |       ||    12
       Plate armour      |       |    34 |   162 |   350 |   348 |       ||   894
       Chain mail        |       |       |       |       |   135 |    28 ||   163
Dodge: Dodged            |    46 |    41 |   145 |   339 |   612 |    31 ||  1214
